 Dungeon Crawl Stone Soup version 0.21-a0-164-g4aaa757 (webtiles) character file.

82 MirrMurr the Slasher (level 4, -2/34 HPs)
             Began as a Merfolk Gladiator on Aug 6, 2017.
             Slain by an orc
             ... wielding a +0 falchion
              (7 damage)
             ... on level 3 of the Dungeon.
             The game lasted 00:03:33 (1517 turns).

MirrMurr the Slasher (Merfolk Gladiator)            Turns: 1517, Time: 00:03:34

Health: -2/34      AC:  5    Str: 15    XL:     4   Next: 43%
Magic:  4/4        EV: 14    Int:  7    God:
Gold:   85         SH:  0    Dex: 15    Spells: 3/3 levels left

rFire    . . .     SeeInvis .   a - +0 long sword
rCold    . . .     Gourm    .   (no shield)
rNeg     . . .     Faith    .   b - +0 leather armour
rPois    .         Spirit   .   c - +0 helmet
rElec    .         Reflect  .   (no cloak)
rCorr    .         Harm     .   (no gloves)
MR       .....                  o - +0 pair of boots
Stlth    +.........             (no amulet)
HPRegen  0.11/turn              (no ring)
MPRegen  0.09/turn              (no ring)

@: no status effects
A: change form in water, swift swim, stealthy swim
a: no special abilities


You were on level 3 of the Dungeon.
You were not hungry.

You visited 1 branch of the dungeon, and saw 3 of its levels.

You collected 85 gold pieces.

Inventory:

Hand Weapons
 a - a +0 long sword (weapon)
Missiles
 d - 3 throwing nets (quivered)
 n - 58 stones
Armour
 b - a +0 leather armour (worn)
 c - a +0 helmet (worn)
 o - a +0 pair of boots (worn)
Scrolls
 e - a scroll of identify {unknown}
 i - a scroll of teleportation {unknown}
 j - a scroll of enchant armour {unknown}
 k - a scroll of magic mapping {unknown}
 m - a scroll of fear {unknown}
 p - a scroll of remove curse {unknown}
 q - a scroll of immolation {unknown}
 s - a scroll of random uselessness {unknown}
 u - a scroll of fog {unknown}
Potions
 g - a potion of resistance {unknown}
 h - 3 potions of curing {unknown}
 r - a potion of heal wounds {unknown}
Comestibles
 f - 4 bread rations
 l - 2 meat rations
 t - 2 chunks of flesh


   Skills:
 + Level 2.8 Fighting
 + Level 4.5 Long Blades
 + Level 2.2 Throwing
 + Level 0.7 Armour
 + Level 4.5 Dodging


You had 3 spell levels left.
You didn't know any spells.

Dungeon Overview and Level Annotations

Branches:
Dungeon (3/15)

Altars:
Cheibriados
Fedhas
Hepliaklqana
The Shining One

Annotations:
D:3 2 transporters


Message History

You closely miss the orc priest. The orc hits you with a falchion.
The orc priest miscasts a cantrip.
The orc hits you but does no damage. The orc closely misses you.
The orc completely misses you.
You riposte.
You barely miss the orc.
The orc is almost dead.
The orc priest hits you with a hand axe.
You hit the orc priest but do no damage.
The orc closely misses you.
You riposte.
You barely miss the orc. The orc hits you with a falchion.
The orc hits you but does no damage. The orc priest barely misses you.
The orc priest mumbles some strange prayers to Beogh against you.
Pain shoots through your body!
* * * LOW HITPOINT WARNING * * *
You closely miss the orc priest. The orc misses you.
You riposte.
You closely miss the orc.
The orc is almost dead.
The orc closely misses you. x2; You riposte.
You barely miss the orc.
The orc is almost dead.
The orc hits you with a falchion!
You die...

...............##
.................
...............###
.P...............
P♣.............#
..P............#
..P...ooo......# ######
♣...o@.......# #K....
♣......o......####.#...
♣...................#.#.
................####...#
.....................©..
........%.......)#######
.........#.#...<.#8P.©.P
.........._.(....#P../..
.[#####.#.....####+##


You could see 2 orc priests and 3 orcs.

Vanquished Creatures
  An adder (D:3)
  An ooze (D:3)
  2 worms (D:2)
  5 dart slugs
  A leopard gecko (D:1)
  An orc (D:3)
  8 goblins
  7 hobgoblins
  9 kobolds
  A quokka (D:2)
  6 bats
  2 frilled lizards
  6 rats
50 creatures vanquished.

Notes
Turn   | Place    | Note
-------+----------+-------------------------------------------
     0 | D:1      | MirrMurr the Merfolk Gladiator began the quest for the Orb.
     0 | D:1      | Reached XP level 1. HP: 16/16 MP: 1/1
    42 | D:1      | Reached XP level 2. HP: 14/22 MP: 2/2
   263 | D:1      | Reached XP level 3. HP: 20/28 MP: 3/3
   785 | D:2      | Found a snail-covered altar of Cheibriados.
   969 | D:2      | Found a blossoming altar of Fedhas.
  1344 | D:2      | Reached XP level 4. HP: 24/34 MP: 4/4
  1418 | D:3      | Found a transporter.
  1454 | D:3      | Found a transporter.
  1471 | D:3      | Found a glowing golden altar of the Shining One.
  1481 | D:2      | Found a hazy altar of Hepliaklqana.
  1517 | D:3      | Slain by an orc

Vault maps used:
D:1:      scummos_arrival_checkerplants, hex_tiny, kennysheep_minor_cross
D:2:      lemuel_upstairs_altar, nicolae_overflow_hidden_temple,
          kennysheep_slug_shrine, first_bread
D:3:      gammafunk_wand_slinger, xom_teletrap_fun, lemuel_crystal_altar,
          serial_forest, infiniplex_forest_end_2, infiniplex_forest_3_way,
          infiniplex_forest_end_2, infiniplex_forest_straight_5,
          infiniplex_forest_clump_C, infiniplex_forest_straight_2,
          infiniplex_forest_clump_double

Skill      XL: |  1  2  3 |
---------------+----------+-----
Long Blades    | 4 |  4.5
Fighting       | |  2.8
Throwing       | |  2.2
Armour         | |  0.7
Dodging        | |  4.5

Action                   |  1- 3 |  4- 6 || total
-------------------------+-------+-------++-------
Melee: Long sword        |   105 |    31 ||   136
       Tailslap          |     1 |       ||     1
  Eat: Chunk             |     2 |       ||     2
Armor: Leather armour    |    27 |     8 ||    35
Dodge: Dodged            |    83 |    37 ||   120
       Rpst.: Long sword |    24 |    11 ||    35
